 Dungeon Crawl Stone Soup version 0.27-a0-341-g40fdf68bc5 (webtiles) character file.

Game seed: 8935556735822460661

24 Chiseanne the Insei (level 2, -2/22 HPs)
             Began as a Demonspawn Wanderer on Feb 14, 2021.
             Slain by a goblin (3 damage)
             ... led by Robin
             ... on level 2 of the Dungeon.
             The game lasted 00:01:45 (622 turns).

Chiseanne the Insei (Demonspawn Wanderer)            Turns: 622, Time: 00:01:45

Health: -2/22      AC:  5    Str: 12    XL:     2   Next: 79%
Magic:  2/2        EV: 10    Int: 12    God:
Gold:   22         SH:  0    Dex: 13    Spells: 0/1 levels left

rFire    . . .     SeeInvis .   a - +2 dagger
rCold    . . .     Faith    .   (no shield)
rNeg     . . .     Spirit   .   j - +0 ring mail
rPois    .         Reflect  .   (no helmet)
rElec    .         Harm     .   (no cloak)
rCorr    .         Rampage  .   (no gloves)
Will     .....                  (no boots)
Stlth    +.........             (no amulet)
HPRegen  0.07/turn              (no ring)
MPRegen  0.08/turn              (no ring)

@: no status effects
A: demonic magic 1
a: no special abilities


You were on level 2 of the Dungeon.
You visited 1 branch of the dungeon, and saw 2 of its levels.

You collected 22 gold pieces.

Inventory:

Hand Weapons
 a - a +2 dagger (weapon)
 c - a +0 mace
Missiles
 g - 13 arrows
 i - 24 stones
Armour
 j - a +0 ring mail (worn)
Jewellery
 f - a ring of willpower {unknown}
Scrolls
 b - a scroll of fear
 h - a scroll of magic mapping {unknown}
 k - a scroll of enchant armour {unknown}
Potions
 d - a potion of lignification
 e - a potion of degeneration {unknown}


   Skills:
 * Level 2.0 Fighting
 * Level 0.5 Armour
 * Level 1.8 Dodging
 - Level 1.0 Stealth
 - Level 1.0 Shields
 - Level 2.6 Unarmed Combat
 - Level 1.0 Hexes
 - Level 1.7 Ice Magic


You couldn't memorise any spells.
You knew the following spells:

 Your Spells              Type           Power        Failure   Level
a - Sting                 Tmut/Pois      0%           58%         1

Your spell library contained the following spells:

 Spells                   Type           Power        Failure   Level
 Ignite Poison            Fire/Tmut/Pois 0%           92%         3


Dungeon Overview and Level Annotations

Branches:
Dungeon (2/15)

Altars:

Annotations:
D:1 Terence
D:2 Robin


Innate Abilities, Weirdness & Mutations

Spells you cast may paralyse adjacent enemies.


Message History

The goblin goes into a battle-frenzy!
The goblin hits you but does no damage.
You see here a +0 club.
A hobgoblin comes into view. It is wielding a +0 club.
The hobgoblin shouts!
The goblin no longer looks unusually strong.
The goblin hits you with a +0 dagger.
You hit the goblin but do no damage. You punch the goblin.
The goblin is almost dead.
The goblin hits you but does no damage.
You closely miss the goblin.
The goblin is almost dead.
The goblin closely misses you.
You hit the goblin.
You kill the goblin!
Your Fighting skill increases to level 2!
The goblin hits you.
Found a scroll labelled ADUEZI ARAN.
You barely miss the hobgoblin.
The hobgoblin hits you but does no damage.
The goblin closely misses you.
You hit the hobgoblin.
The hobgoblin is moderately wounded.
The hobgoblin hits you with a +0 club. The goblin hits you.
You hit the hobgoblin.
The hobgoblin is severely wounded.
The hobgoblin closely misses you. The goblin hits you but does no damage.
You hit the hobgoblin.
The hobgoblin is almost dead.
The hobgoblin closely misses you. The goblin hits you.
* * * LOW HITPOINT WARNING * * *
You hit the hobgoblin but do no damage.
The hobgoblin is almost dead.
The hobgoblin barely misses you. The goblin closely misses you.
You closely miss the hobgoblin.
The hobgoblin is almost dead.
The hobgoblin hits you with a +0 club.
* * * LOW HITPOINT WARNING * * *
The goblin hits you.
You die...

#####.. ##.. .
..^.###.#
##.#.##+#.......<.
##.#....#.# .?....
..†....... .....
##.###.#.#### ...##
##.# #....... ...
##.# #....## #g#
...###.....# #@#
.....'.....# #g#
######.....#####g#.#
....##.†...#.g.gg..#
###.##...†.gg###.###
# #.......#..# ....
# #########..# #.#.#
# ##g# ..#.# ### #g#
#.# #


You could see 2 hobgoblins and 3 goblins.

Vanquished Creatures
  An ooze (D:1)
  2 worms (D:2)
  2 giant cockroaches (D:1)
  2 goblins (D:2)
  2 hobgoblins
  A bat (D:2)
  A frilled lizard (D:1)
  4 rats
15 creatures vanquished.

Notes
Turn   | Place    | Note
-------+----------+-------------------------------------------
     0 | D:1      | Chiseanne the Demonspawn Wanderer began the quest for the
                  | Orb.
     0 | D:1      | Chiseanne set off with the following items: a +2 dagger, a
                  | scroll of fear, a potion of lignification, a +0 robe; and
                  | the following spell memorised: Sting; and the following
                  | spells available to memorise: Ignite Poison
     0 | D:1      | Reached XP level 1. HP: 15/15 MP: 1/1
    61 | D:1      | Gained mutation: Spells you cast may paralyse adjacent
                  | enemies. [demonic ancestry]
    61 | D:1      | Reached XP level 2. HP: 16/21 MP: 2/2
   297 | D:2      | Noticed Terence
   597 | D:2      | Noticed Robin
   622 | D:2      | HP: 1/22 [hobgoblin/+0 club (3)]
   622 | D:2      | Slain by a goblin

Illustrated notes

Levels and vault maps discovered:
D:1:      onia_arrival_handbag, layout_loops_ring, chequers_garden
D:2:      layout_basic, corexii_corridor_pit, uniq_terence, uniq_robin

Skill      XL: |  1  2 |
---------------+-------+-----
Fighting       | 2 |  2.0
Armour         | |  0.5
Dodging        | |  1.8
Stealth        | |  1.0
Shields        | |  1.0
Unarmed Combat | |  2.6
Hexes          | |  1.0
Ice Magic      | |  1.7

Action                   || total
-------------------------++-------
Melee: Dagger            ||    72
       Punch             ||     4
 Stab: Sleeping          ||     2
Armor: Robe              ||     5
       Ring mail         ||    16
Dodge: Dodged            ||    37

Table legend: (Time is in decaauts)
 A = Elapsed time spent in this place.
 B = Non-inter-level travel time spent in this place.
 C = Inter-level travel time spent in this place.
 D = Time resting spent in this place.
 E = Time spent auto-exploring this place.
 F = Levels seen in this place.
 G = Mean time per level.
                   A        B        C        D        E       F      G
               +--------+--------+--------+--------+--------+-----+--------+
         Total |    622 |    601 |     21 |    147 |    192 |   2 |  311.0 |
       Dungeon |    622 |    601 |     21 |    147 |    192 |   2 |  311.0 |
               +--------+--------+--------+--------+--------+-----+--------+

Top non-repeatable levels by time:
     D:1: 337 daAuts
     D:2: 285 daAuts
